[Event "Szansa Chess Open 2022"]
[Site "Warsaw"]
[Date "2022.09.18"]
[Round "9.13"]
[White "Bespalov, Ivan"]
[Black "Pires, Emanuel Joao Robarts"]
[Result "1/2-1/2"]
[ECO "B08"]
[WhiteElo "1841"]
[BlackElo "1999"]
[Annotator "TA"]
[PlyCount "161"]
[EventDate "2022.09.17"]
[EventCountry "POL"]
[SourceTitle "playchess.com"]
[Source "ChessBase"]
[SourceQuality "1"]
[TimeControl "900+10"]

1. e4 d6 2. d4 Nf6 3. Nc3 g6 4. Nf3 Bg7 5. h3 O-O 6. Be2 Nc6 7. O-O e5 8. dxe5 dxe5 9. Qxd8 Rxd8 10. Bg5 {[%emt 0:00:45] B08: Pirc Defence: Classical System.} Nd4 (10... Be6 $11) 11. Nxd4 $14 ({But not} 11. Nxe5 Re8 12. Bxf6 Bxf6 $11) 11... Rxd4 {[%emt 0:01:06] [#]} 12. Rfd1 $146 {[%emt 0:04:12] White is slightly better.} ({Predecessor:} 12. Nb5 Rxe4 13. Bd3 Ra4 14. b3 Ra5 15. Bd2 Rxb5 16. Bxb5 Bf5 17. Rac1 Ne4 18. Rcd1 Nd6 {1-0 (40) Lopes,M (2020)-Bruce,S (2145) Sao Paulo 2016}) 12... c6 {[%emt 0:01:27] Inhibits Nb5.} 13. Be3 Rxd1+ 14. Rxd1 {[%emt 0:00:02] [#] Rd8+ is the strong threat.} Be6 15. f3 Bf8 16. a3 Nd7 17. Kf2 Nb6 {[%emt 0:00:17] Inhibits Bc4.} 18. Bg5 Bc5+ 19. Be3 Be7 20. Ke1 h5 21. Bf2 Kf8 22. Bg3 f6 23. Bf2 Ke8 24. Be3 g5 25. Kf2 Kf7 26. Bc1 g4 ({Black should play} 26... Bc5+ $15 27. Be3 Be7) 27. hxg4 hxg4 28. fxg4 Rh8 29. Kg3 Ke8 {[%emt 0:00:25] [#]} (29... Nc8 $11) 30. b3 (30. Rf1 $1 $16) 30... Bc5 (30... Nc8 $11) 31. Nb1 (31. Rf1 $16) 31... Nc8 32. b4 Bf8 33. Be3 a6 34. Nc3 Ne7 (34... Nd6 $11 {keeps the balance.}) 35. Na4 $16 Ng6 36. Nb6 Bh6 37. Bxh6 {[%emt 0:00:19] White is more active.} Rxh6 38. Bc4 Nf4 39. Bxe6 Nxe6 {[%emt 0:00:02][%mdl 4096] Endgame KRN-KRN} 40. c3 (40. Rd7 $16) 40... Rh7 41. Nc4 Ng5 42. Nd6+ Kf8 {[%emt 0:00:07] And now ...Rd7 would win.} 43. Rf1 Ke7 44. Nf5+ Kd7 45. Rd1+ Kc7 46. Re1 Rd7 47. Re3 Rd2 48. a4 a5 49. Ng7 axb4 50. cxb4 Kd7 (50... Rd4 $15 51. Kh4 (51. Ne8+ Kd7 $17) 51... Kd7) 51. Nh5 Ke7 {[%emt 0:00:09][%mdl 1024] Black has compensation.} 52. Ng7 Kf7 (52... Rb2 $15 53. Nf5+ Ke6) 53. Nf5 $11 {[%emt 0:00:01] The position is equal.} Ne6 54. Rc3 Nf4 {[%emt 0:00:08] Threatens to win with ...Ne2+.} 55. Rb3 Nxg2 56. Nd6+ Rxd6 57. Kxg2 {[%emt 0:00:01] KR-KR} Rd4 58. Kf3 Kg6 59. a5 Kg5 60. b5 cxb5 61. Rxb5 Rd3+ 62. Ke2 Ra3 63. Rxb7 Kxg4 64. Rb6 Kg5 65. a6 Kf4 66. Rxf6+ Kxe4 67. Kd2 Ra2+ 68. Kc3 Ke3 69. Kb4 e4 70. Re6 Kd4 71. Kb5 Kd5 72. Re8 Rb2+ 73. Ka5 Kd4 74. a7 Ra2+ 75. Kb6 e3 76. Kb7 Rb2+ 77. Ka6 e2 78. Rxe2 Rxe2 79. a8=Q Ra2+ 80. Kb7 Rxa8 81. Kxa8 {Weighted Error Value: White=0.11 (very precise) /Black=0.18 (very precise)} 1/2-1/2

[Event "Szansa Chess Open 2022"]
[Site "Warsaw"]
[Date "2022.09.18"]
[Round "9.14"]
[White "Wadelek, Karol"]
[Black "Smykalo, Severyn"]
[Result "1-0"]
[ECO "A11"]
[WhiteElo "1943"]
[BlackElo "1840"]
[Annotator "TA"]
[PlyCount "131"]
[EventDate "2022.09.17"]
[EventCountry "POL"]
[SourceTitle "playchess.com"]
[Source "ChessBase"]
[SourceQuality "1"]
[TimeControl "900+10"]

1. c4 c6 2. Nf3 d5 3. e3 Nf6 4. Nc3 e6 5. b3 Nbd7 6. Bb2 Bd6 7. Be2 O-O 8. O-O Qe7 9. d4 Rd8 10. Qc2 dxc4 {[%emt 0:00:02] D45: Semi-Slav: 5 e3.} 11. Bxc4 {[%emt 0:00:28] [#]} Nb6 $146 (11... b5 $11 12. Bd3 Bb7) ({Predecessor:} 11... b5 12. Bd3 Bb7 13. Ne4 Nxe4 14. Bxe4 Nf6 15. Nd2 Rac8 16. Rad1 c5 17. Bxb7 Qxb7 18. dxc5 Rxc5 {1-0 (57) Grandell,A (2290)-Kucuksari,K (2125) Stockholm 2016}) 12. Be2 Nbd5 {[%emt 0:01:14] White is slightly better.} 13. Rad1 a5 14. Na4 b5 {[%emt 0:02:21] And now ...Nb4 would win.} 15. Nc5 (15. Qxc6 $2 Bd7 16. Qc2 bxa4 $19) 15... Bb7 16. a3 Bxc5 17. Qxc5 ({Better is} 17. dxc5 $14 b4 18. Rd2) 17... Qxc5 $11 18. dxc5 Ne4 19. Rc1 {[%emt 0:00:53] Against Ndc3} b4 20. a4 (20. Bd3 $11 Ndc3 21. Bxe4 Nxe4 22. axb4) 20... Nec3 {[%emt 0:00:19] Pair of Knights!} (20... Ndc3 $17 21. Bc4 Ba6 22. Bxa6 Rxa6) 21. Bc4 Ba6 22. Bxa6 Rxa6 23. Rfe1 {[%emt 0:00:08] Against Ne2+} Ne4 24. Red1 Raa8 $1 25. Ne5 Rac8 (25... Ne7 $11 26. Rd4 Rxd4 27. exd4 Nd2) 26. Nc4 Nxc5 (26... Ra8 $14) 27. Nxa5 $16 {[%emt 0:00:21][%mdl 64] Discovered Attack} Nc3 28. Rxd8+ Rxd8 29. Bxc3 bxc3 $18 {[%emt 0:00:10][%mdl 4096] Endgame KRN-KRN} 30. Kf1 ({Don't go for} 30. Nxc6 $2 Nxb3 31. Rf1 Rd2 $19) 30... Rd3 (30... Ra8 $142) 31. Rc2 $1 Kf8 32. Ke2 ({Much less strong is} 32. Nxc6 $6 Nxb3 33. Ke2 Nc5 $16) 32... Rd5 33. Nxc6 Nxb3 34. Rxc3 Rd2+ 35. Kf3 Rb2 36. Rd3 Nd2+ 37. Kg3 (37. Kf4 $16 f6 38. a5) 37... Ne4+ $2 (37... g5 $1 $11 38. f3 Nf1+ 39. Kh3 Rc2) 38. Kf4 f5 {[%emt 0:00:05] [#]} 39. f3 ({White should play} 39. Ke5 $1 $18) 39... Nc5 $16 {[%emt 0:00:14] Prevents Rd7.} 40. Ra3 Kf7 41. a5 {[%emt 0:00:10] Hoping for a6.} Rxg2 {[%emt 0:00:14] [#]} (41... Na6 $16 {was called for.} 42. Kg3 Kf6) 42. a6 $2 ({White must play} 42. Ke5 $1 $18) 42... Kf6 $1 $11 43. e4 (43. h4 $2 {leads to mate.} e5+ 44. Nxe5 Ne6#) 43... g5+ $2 {[%emt 0:00:03][%mdl 8192] Black is on the road to losing.} (43... e5+ $1 $11 {and Black is okay.} 44. Nxe5 g5+ 45. Ke3 Kxe5 46. exf5 Nxa6 47. Rxa6 Kxf5) 44. Ke3 $18 e5 $2 (44... f4+ 45. Kd4 Nxa6) 45. exf5 {[%emt 0:00:10] White threatens a7 and mate.} Nxa6 46. Rxa6 {[%emt 0:00:09] Nd4+ is the strong threat.} Rxh2 {[%emt 0:00:04] KRN-KR} 47. Nd4+ Kf7 48. Ne6 Kf6 49. Nd4+ (49. Nc5+ $142 Kg7 50. f6+ Kg6 51. Nd3) 49... Kf7 50. Ne2 h5 51. Rg6 (51. Nc1 $142 e4 52. fxe4) 51... Rg2 52. Nc3 {[%emt 0:00:12] Strongly threatening Ne4.} Rg1 53. Ne4 g4 54. fxg4 hxg4 55. Kf2 Ra1 56. Rxg4 Ra2+ 57. Ke3 Ra3+ 58. Kf2 Ra2+ 59. Kg3 Ra1 60. Kh4 Rf1 61. Kg5 Rf3 62. Rh4 Kg7 63. f6+ Kg8 64. Kg6 Rf4 65. f7+ Rxf7 66. Nf6+ {[%emt 0:00:01] Weighted Error Value: White=0.40/Black=0.41} 1-0

[Event "Szansa Chess Open 2022"]
[Site "Warsaw"]
[Date "2022.09.18"]
[Round "9.15"]
[White "Derylo, Kamil"]
[Black "Smieszek, Wojciech"]
[Result "1/2-1/2"]
[ECO "A45"]
[WhiteElo "2143"]
[BlackElo "2082"]
[Annotator "TA"]
[PlyCount "166"]
[EventDate "2022.09.17"]
[EventCountry "POL"]
[SourceTitle "playchess.com"]
[Source "ChessBase"]
[SourceQuality "1"]
[TimeControl "900+10"]

1. d4 Nf6 2. Bg5 c5 3. d5 e6 4. Nc3 d6 5. e4 Be7 6. Nf3 {[%emt 0:00:58] A45: Trompowsky Attack.} O-O 7. Be2 (7. Bf4 $11) 7... a6 (7... Nxd5 {seems wilder.} 8. Nxd5 Bxg5 9. Nxg5 exd5 10. Qxd5 Nd7) 8. a4 exd5 (8... Nxd5 {keeps more tension.} 9. Nxd5 Bxg5 10. Nxg5 exd5 11. Qxd5 Nd7) 9. exd5 Bg4 {[%emt 0:00:20] [#]} 10. O-O $146 ({Predecessor:} 10. Be3 Re8 11. O-O Nbd7 12. a5 Bf8 13. Qd2 Bxf3 14. Bxf3 Ne5 15. Be2 g6 16. h3 {1-0 (44) Taylor,R (1673)-Spencer,E Llandudno 2019}) 10... Nbd7 11. Nd2 Bxe2 12. Qxe2 Re8 (12... Nxd5 $5 13. Nxd5 Bxg5 $11) 13. Bf4 Bf8 14. Qd1 g6 15. Re1 (15. h3 $142) 15... Qc7 16. Nc4 Nb6 17. Nxb6 Qxb6 18. Qd2 Bg7 (18... Qxb2 $2 19. Reb1 Qb4 20. Rxb4 $18) 19. a5 Qc7 20. h3 Nd7 (20... Rad8 $11) 21. Rxe8+ (21. Ne4 $14) 21... Rxe8 $11 22. Re1 Ne5 (22... Rxe1+ $11 {deserves consideration.} 23. Qxe1 Nf6) 23. Bg3 Rd8 (23... Qxa5 $2 24. f4 $18) 24. Qe2 (24. Ne4 $14) 24... g5 (24... Qxa5 $11 25. Bh4 Rf8) 25. h4 (25. Qh5 $142) 25... Qxa5 (25... Re8 $142) 26. hxg5 $16 Qb4 27. f4 ({And not} 27. Bxe5 Bxe5 28. Ne4 Qxb2 $11) 27... Qxb2 (27... Ng6 $16 {is a better defense.}) 28. Ne4 $18 Ng6 29. f5 (29. Kh2 $1 $18) 29... Ne5 $16 {[%emt 0:00:19] [#]} 30. Nxd6 $1 Qd4+ $11 31. Bf2 Qxd5 (31... Qf4 $1 $11 32. Nxb7 Rxd5) 32. f6 $2 (32. Ne4 $1 $18) 32... Bf8 (32... Qxd6 $17 33. Qxe5 Bf8 34. Qxd6 Bxd6) 33. Nf5 (33. Nxb7 $5 Qxb7 34. Qxe5 $11) 33... Ng6 34. Qg4 Qd7 (34... b5 $15) 35. Kh2 {[%emt 0:01:24][%mdl 1024] White has compensation.} Bd6+ 36. Kh1 Bf8 $1 37. Bg3 Kh8 38. Re3 (38. Kh2 $11 {is more appropriate.}) 38... Qd1+ (38... c4 $15) 39. Qxd1 Rxd1+ 40. Kh2 {[%emt 0:00:01] Threatens to win with Re8.} Rd8 {[%emt 0:00:10] Prevents Re8.} 41. Bc7 (41. Rb3 $11) 41... Rd5 $2 (41... Rd7 $1 $15 42. Ba5 h6) 42. Ng3 $2 ({Only move:} 42. Nh6 $1 $18) 42... Rxg5 (42... h6 $17 43. gxh6 Bxh6 44. Re8+ Kh7) 43. Re8 Rd5 (43... b5 $15 {stays ahead.}) 44. Kh3 $2 {[%emt 0:00:23][%mdl 8192] White is more active.} (44. c4 $1 $16 {[%cal Rc4d5] is forced if you want to stay better.} Rg5 45. Ne2) 44... h5 $19 45. Ne4 Kh7 46. g3 Kh6 $2 ({Better is} 46... c4 $19 {White must now prevent ...b5.} 47. g4 Kh6) 47. Kg2 (47. Bf4+ $11 {was the only way to keep the balance.} Kh7 48. Bc7) 47... b5 48. Kf3 c4 49. Bf4+ (49. Ra8 $17 {was called for.}) 49... Nxf4 (49... Kh7 $19 {aiming for ...b4.} 50. Be3 b4) 50. Rxf8 $2 {[%emt 0:00:02][%mdl 4096] Endgame KRN-KRN} (50. gxf4 $17 Ba3 51. Rh8+ Kg6 52. Rg8+ Kf5 53. Rh8) 50... Ng6 51. Ra8 (51. Rb8) 51... Ne5+ 52. Kf4 Ng6+ (52... b4 $19 53. Rxa6 b3 54. cxb3 cxb3) 53. Ke3 $2 (53. Kf3 $1 $11 {and White is okay.}) 53... b4 $1 54. Rxa6 {[%emt 0:00:05] [#]} b3 $2 (54... Ne5 $1 $19 {Strongly threatening ...b3.} 55. Rb6 b3 56. cxb3 Rd3+ 57. Ke2 Rxb3) 55. cxb3 $11 Rd3+ 56. Ke2 Rxb3 57. Ra7 (57. Nd6 $11) 57... Ne5 $15 {[%emt 0:00:10] Hoping for ...Ng4.} 58. Re7 ({White has to play} 58. Rc7 $1 $15) 58... Ng4 $19 59. Kd2 (59. Nd6 $142) 59... Kg6 60. Rc7 {[%emt 0:00:07] [#]} Rd3+ $1 ({Not} 60... Nxf6 61. Rc6 Rf3 62. Ke2 $15) 61. Kc2 Rf3 $2 ({Stronger than} 61... Nxf6 62. Rc6 $17) (61... Ne3+ $19 62. Kc1 Kf5) 62. Kd2 $1 $15 Nxf6 ({Black should play} 62... Ne5 $15 63. Ke2 Ra3) 63. Ke2 {[%emt 0:00:15] The position is equal.} Rf5 64. Nxf6 Kxf6 65. Rxc4 $11 {[%emt 0:00:01] KR-KR} Kg5 66. Ra4 Re5+ 67. Kf3 Rb5 68. Ra3 f5 69. Rc3 Rb4 70. Ra3 h4 71. gxh4+ Rxh4 72. Kg2 {[%emt 0:00:16] Inhibits Rh3.} Rb4 73. Rc3 Kf4 74. Ra3 Rb2+ 75. Kf1 Rd2 76. Rb3 Ke4 77. Ra3 Rd3 78. Rxd3 Kxd3 {[%emt 0:00:01] KP-K} 79. Kf2 Kd4 80. Kf3 Ke5 81. Ke3 f4+ 82. Kf3 Kf5 83. Kf2 Ke5 {Never resign too early!  Weighted Error Value: White=0.68/Black=0.50} (83... Ke4 $5) 1/2-1/2

[Event "Szansa Chess Open 2022"]
[Site "Warsaw"]
[Date "2022.09.18"]
[Round "9.16"]
[White "Slomczewski, Michal"]
[Black "Khamidov, Abdulla"]
[Result "0-1"]
[ECO "A00"]
[WhiteElo "2108"]
[BlackElo "1804"]
[Annotator "TA"]
[PlyCount "64"]
[EventDate "2022.09.17"]
[EventCountry "POL"]
[SourceTitle "playchess.com"]
[Source "ChessBase"]
[SourceQuality "1"]
[TimeControl "900+10"]

1. Nc3 Nf6 2. e4 d6 3. d4 Nbd7 4. Be3 e5 5. f3 Be7 6. Bc4 {[%emt 0:00:19] B07: Pirc Defence: Miscellaneous Systems.} c6 7. d5 {[%emt 0:01:36] [#]} c5 $146 (7... O-O $11) ({Predecessor:} 7... O-O 8. a4 Nb6 9. Bb3 cxd5 10. exd5 Nh5 11. Nge2 f5 12. Qd2 Bd7 13. a5 Nc8 {1-0 (59) Wheeler,D (2260)-Klingher,D (2054) England 2017}) 8. Be2 {[%emt 0:01:09] White is slightly better.} Nh5 9. Nh3 Ndf6 10. g4 g6 (10... Ng8 $142) 11. Qd2 Ng7 12. O-O-O h5 13. Nf2 hxg4 14. f4 ({Much less strong is} 14. Nxg4 $6 Bd7 $14) (14. fxg4 $16 {h4 is the strong threat.} a6 15. h4) 14... exf4 $1 $14 15. Bxf4 Nfh5 16. Be3 ({Don't blunder} 16. Nxg4 $2 Nxf4 17. Ne3 (17. Qxf4 $2 Bg5 $19) 17... Rh4 $19) 16... f5 17. Kb1 ({White should play} 17. exf5 $1 $14 gxf5 18. Kb1) 17... Bd7 $11 18. exf5 (18. Rhg1 {seems wilder.} Bf6 19. Nb5 Qb6 20. a4) 18... gxf5 19. Nd3 Qc7 20. Bg5 {[%emt 0:01:07][%mdl 1024] White has compensation.} Nf6 (20... Bxg5 $11 21. Qxg5 Kf7) 21. Qe3 (21. Nf4 $142) 21... Rh3 $16 22. Qf2 {[#]} (22. Qd2 $14 {stays ahead.}) 22... O-O-O $1 $17 23. Nf4 ({Better is} 23. Bf1 $15 Rh5 24. Bd2) 23... Rxc3 $1 24. Bxf6 {[%emt 0:00:43][%mdl 8192] White does not recover from this.} (24. bxc3 $2 {perishes.} Ne4 25. Qe3 Bxg5 $19) (24. Ng6 $17 Ne4 25. Nxe7+ Kb8 26. Qf4) 24... Bxf6 $19 25. bxc3 Qb6+ 26. Kc1 Bxc3 {[%csl Gc3][%cal Rb6b2] [#] This bishop pair is nice.} 27. Nd3 {[%emt 0:00:17] Against Qb2+} Qa5 28. Rdf1 Qxa2 29. Kd1 Ba4 30. Bxg4 fxg4 31. Nc1 Qxd5+ 32. Nd3 Qxd3+ {[%emt 0:00:01] Weighted Error Value: White=0.91/Black=0.20 (precise)} 0-1

[Event "Szansa Chess Open 2022"]
[Site "Warsaw"]
[Date "2022.09.18"]
[Round "9.17"]
[White "Janeczko, Jakub"]
[Black "Rekuc, Patryk"]
[Result "1-0"]
[ECO "B20"]
[WhiteElo "2159"]
[BlackElo "1777"]
[Annotator "TA"]
[PlyCount "169"]
[EventDate "2022.09.17"]
[EventCountry "POL"]
[SourceTitle "playchess.com"]
[Source "ChessBase"]
[SourceQuality "1"]
[TimeControl "900+10"]

1. e4 c5 2. d3 d6 3. g3 g6 4. Bg2 Bg7 5. f4 Nc6 6. Nf3 e6 7. O-O Nge7 8. c3 O-O 9. Be3 b6 10. Na3 Bb7 11. Nc2 {[%emt 0:00:02] B20: Sicilian: Unusual White 2nd moves.} Rc8 12. Bf2 Qd7 {[%emt 0:00:38] [#]} 13. Qe2 $146 {[%emt 0:00:02] The position is equal.} ({Predecessor:} 13. Re1 Rfe8 14. Qd2 h6 15. Rad1 f5 16. exf5 gxf5 17. d4 c4 18. Ne3 Nd8 19. Qe2 {1-0 (60) Kuzmicz,K (2469)-Peng,L (2498) Warsaw 2021}) 13... Rfd8 14. Rae1 b5 15. d4 cxd4 16. cxd4 (16. Nfxd4 $14 Nxd4 17. Bxd4 (17. Nxd4 a6 $14)) 16... Na5 (16... b4 $11) 17. b3 Qc6 (17... f5 $11) 18. Nb4 Qc3 19. Nd3 Qc2 20. Nd2 Rc3 $2 (20... Qxa2 $2 21. Ra1 Qc2 22. Rxa5 $18) (20... Nac6 $11 21. Nf3 Qxe2 22. Rxe2 a5) 21. Nb4 $1 $18 Qb2 22. Qxb5 Qxd2 23. Qxa5 Rcc8 (23... Rdc8 $16 {was worth a try.}) 24. Rd1 Qc3 25. Rd3 (25. d5 $1 $18) 25... Qc7 $16 26. Qxc7 {[%emt 0:00:05] White is more active.} (26. Qxa7 $2 Ra8 27. Rc3 Qxc3 $19) 26... Rxc7 27. Rd2 ({Better is} 27. d5 $1 $16) 27... Rdc8 $14 28. e5 Bxg2 29. Kxg2 d5 (29... dxe5 $14 30. dxe5 Bf8) 30. Na6 $16 Rc2 31. Rfd1 Rxd2 32. Rxd2 Rc1 33. b4 (33. Nb4 $16) 33... Nc6 34. Kf3 ({White should try} 34. Rd3 $14) 34... Bf8 $11 35. b5 Na5 36. a4 Rc4 (36... Ra1 $11) 37. Nc5 Rc3+ 38. Rd3 Rxd3+ (38... Rc1 $14) 39. Nxd3 $14 {[%emt 0:00:02][%mdl 4096] Endgame KBN-KBN} Nc4 40. Ke2 Be7 41. Kd1 (41. Be1 $142) 41... Kf8 $18 42. Kc2 Ke8 43. Be1 Kd7 44. Kb3 Kc7 45. Bb4 Bd8 46. Nb2 (46. a5 $18) 46... Ne3 $2 (46... Nxb2 $16 47. Kxb2 Kb7) 47. Ba5+ Kc8 48. Bxd8 Kxd8 {[%emt 0:00:01] KN-KN} 49. Kb4 Kc7 50. a5 h6 $2 (50... g5 {keeps fighting.} 51. fxg5 Nf1) 51. Na4 Nc4 52. Nc5 Kc8 (52... Nd2 $142 53. g4 h5) 53. Nb3 Kb7 54. Kc5 Kc7 55. a6 $2 (55. g4 $18) 55... Nb2 (55... h5 $16 {is a better defense.} 56. Kb4 Kb6) 56. b6+ (56. Kb4 $1 $18) 56... axb6+ $14 57. Kb5 Nc4 58. Nc1 $1 {[%emt 0:00:21] Strongly threatening a7.} Na3+ 59. Ka4 Nc2 60. Nb3 Kc6 61. a7 $2 (61. h3 $11 {and White stays safe.}) 61... Kb7 $19 62. Kb5 Kxa7 $2 (62... Na3+ $1 $19 63. Kb4 Nb1) 63. Kc6 $11 Ka6 64. Kd7 $2 (64. g4 $1 $11 {and White has nothing to worry.}) 64... Kb5 $19 65. Ke7 Kc4 66. Nc1 Nxd4 67. Kxf7 b5 $1 {[%emt 0:00:02] White must now prevent ...b4.} 68. Kxg6 b4 {[%emt 0:00:09] Hoping for ...b3.} 69. g4 {[%emt 0:00:02] [#]} Nf3 $2 (69... b3 $1 $19 {[%cal Rb3b2] ...b2 is the strong threat.} 70. Nxb3 Nxb3 71. Kxh6 Nd4) 70. Kf6 $11 b3 (70... Nd4 $2 71. g5 hxg5 72. fxg5 $18) 71. Nxb3 $1 Kxb3 {[%emt 0:00:01] KN-KP} 72. f5 d4 {[%emt 0:03:03] And now ...Ng5 would win.} (72... Nxh2 $2 73. fxe6 (73. Kxe6 d4 $11) 73... Nxg4+ 74. Kg7 $18) 73. fxe6 {[%emt 0:00:02] Threatens to win with e7.} d3 74. e7 d2 75. e8=Q d1=Q 76. Qb5+ Ka3 77. Qc5+ Kb2 $2 {[%emt 0:00:08][%mdl 8192] [#]} (77... Ka4 $11 {and Black is okay.}) 78. Qb4+ $2 (78. e6 $1 $18 Ng5 79. Qe5+ Kb3 80. e7 (80. Qb5+ Ka3 $14) 80... Qf1+ 81. Qf5 Ne4+ 82. Ke5 Qa1+ 83. Kxe4 Qe1+ 84. Kf3 Qf1+ 85. Kg3 Qe1+ 86. Kf4 Qxe7 87. Qd5+ Ka3 88. Qa5+ Kb3 89. Qb6+ Kc2 90. Qxh6) 78... Ka2 $1 (78... Qb3 $2 79. Qxb3+ Kxb3 80. e6 $18) 79. e6 Qa1+ 80. Kg6 {[%emt 0:00:38] The board is on fire.} Ne5+ $2 (80... Qe5 $11) 81. Kf5 {[%emt 0:00:07] White is clearly winning.} Qg1 82. Qa5+ Kb3 83. Qxe5 Qf2+ 84. Kg6 Qh4 85. Qg3+ {[%emt 0:00:05] What a fight!  Weighted Error Value: White=0.31/Black=0.38} 1-0

[Event "Szansa Chess Open 2022"]
[Site "Warsaw"]
[Date "2022.09.18"]
[Round "9.18"]
[White "Fiszer, Bartosz"]
[Black "Podgorski, Maciej"]
[Result "1-0"]
[ECO "C67"]
[WhiteElo "2232"]
[BlackElo "2059"]
[Annotator "TA"]
[PlyCount "73"]
[EventDate "2022.09.17"]
[EventCountry "POL"]
[SourceTitle "playchess.com"]
[Source "ChessBase"]
[SourceQuality "1"]
[TimeControl "900+10"]

1. e4 e5 2. Nf3 Nc6 3. Bb5 Nf6 4. O-O Nxe4 5. Re1 Nd6 6. Nxe5 Nxe5 7. Rxe5+ Be7 8. Bf1 O-O 9. d4 Bf6 10. Re1 Re8 {[%emt 0:00:01] C67: Ruy Lopez: Berlin Defence: 4 0-0 Nxe4.} 11. c3 Rxe1 12. Qxe1 Ne8 {[%emt 0:00:01] The position is equal.} 13. Nd2 d5 14. Nf3 g6 15. Bf4 Ng7 {[%emt 0:00:07] [#]} 16. Be5 $146 ({Predecessor:} 16. Qd2 c6 17. Re1 Bf5 18. Bh6 Qd6 19. Bf4 Qf8 20. h3 Re8 21. Ne5 Bd8 22. Nd3 {½-½ (22) Santos Ruiz,M (2597)-Kryvoruchko,Y (2683) Germany 2022}) 16... Bxe5 17. Qxe5 Bg4 18. Qf4 Bxf3 19. Qxf3 c6 20. Re1 Ne6 21. g3 Kg7 22. Re3 Qf6 23. Qe2 h5 24. Bh3 (24. Rf3 $5 Qe7 25. Bh3 $14) 24... Ng5 25. Bg2 Rd8 26. Re7 Rd6 27. Qe5 (27. Rxb7 $14 Re6 28. Qd1) 27... Qxe5 $2 {[%emt 0:00:14] [#]} (27... Re6 $11 {and Black stays safe.} 28. Qxf6+ Kxf6 29. Rxb7 Re1+ 30. Bf1 Rd1) 28. dxe5 $11 {[%emt 0:00:02][%mdl 4096] Endgame KRB-KRN} Re6 (28... Rd8 $142 29. Rxb7 a5) 29. Rxb7 $18 c5 $2 (29... Re8 30. f4 Ne6 31. Rxa7 h4) 30. f4 {[%emt 0:01:06] White is clearly winning.} Ne4 31. c4 Rb6 32. Rxb6 axb6 33. Bxe4 dxe4 34. Kf2 f5 35. exf6+ Kxf6 36. Ke3 Kf5 37. h3 {[%emt 0:00:02] Weighted Error Value: White=0.07 (flawless) /Black=0.53} 1-0